Map: Newkirk Precinct TE (Void)

Players

MygraiN - Winner!

  • Race: Protoss Protoss
  • League: Grandmaster
  • Spawn Location: 5:00

Railgan

  • Race: Zerg Zerg
  • League: Grandmaster
  • Spawn Location: 7:00

VOD

Have the link to the VOD?

Description

Time

  • Played on: Feb. 22, 2017, 5:04 p.m.
  • Length: 7:07
Show
View Real Time Build Order
Export as new Build Order

MygraiN Protoss - Winner!

Build Orders:  

Get SALT Encoding   

  12  0:00  Probe (Chrono Boost)  
  13  0:11  Probe (Chrono Boost)  
  14  0:19  Pylon  
  14  0:23  Probe (Chrono Boost)  
  15  0:37  Probe (Chrono Boost)  
  15  0:40  Gateway  
  16  0:47  Probe (Chrono Boost)  
  17  0:50  Assimilator  
  17  0:58  Probe (Chrono Boost)  
  18  1:08  Probe (Chrono Boost)  
  18  1:10  Pylon  
  19  1:19  Probe (Chrono Boost)  
  20  1:26  Cybernetics Core  
  20  1:30  Probe (Chrono Boost)  
  21  1:51  Nexus  
  21  2:02  Adept  
  21  2:05  Mothership Core (Chrono Boost)  
  21  2:06  Warp Gate  
  25  2:15  Pylon  
  25  2:24  Pylon  
  25  2:33  Adept, Assimilator  
  27  2:44  Probe (Chrono Boost)  
  27  2:58  Gateway x2  
  28  3:06  Probe (Chrono Boost)  
  28  3:07  Probe (Chrono Boost)  
  28  3:10  Stalker  
  29  3:19  Probe (Chrono Boost)  
  32  3:25  Stargate  
  32  3:31  Probe (Chrono Boost)  
  32  3:34  Probe (Chrono Boost)  
  34  3:43  Probe (Chrono Boost)  
  34  3:46  Probe (Chrono Boost)  
  35  3:54  Pylon  
  35  3:58  Forge  
  35  4:05  Oracle  
  35  4:11  Sentry  
  35  4:12  Zealot  
  42  4:22  Pylon  
  42  4:23  Pylon  
  42  4:29  Pylon  
  33  4:43  Pylon  
  27  4:55  Probe x2 (Chrono Boost)  
  28  5:02  Zealot  
  28  5:04  Sentry  
  33  5:07  Probe (Chrono Boost)  
  33  5:11  Sentry  
  33  5:17  Probe (Chrono Boost)  
  33  5:19  Probe (Chrono Boost)  
  35  5:28  Probe (Chrono Boost)  
  36  5:30  Adept  
  38  5:37  Probe (Chrono Boost)  
  38  5:39  Probe (Chrono Boost)  
  38  5:40  Phoenix  
  40  5:49  Probe x2 (Chrono Boost)  
  44  6:00  Probe (Chrono Boost)  
  44  6:02  Probe (Chrono Boost)  
  46  6:05  Phoenix  
  46  6:10  Probe (Chrono Boost)  
  49  6:14  Probe (Chrono Boost)  
  49  6:16  Pylon  
  50  6:21  Probe (Chrono Boost)  
  51  6:25  Adept x2  
  51  6:28  Adept  
  57  6:46  Probe (Chrono Boost)  
  56  6:58  Adept x2  
Show
View Real Time Build Order
Export as new Build Order

Railgan Zerg 

Build Orders: Pool First 

Get SALT Encoding   

  12  0:00  Drone  
  13  0:13  Overlord  
  13  0:18  Drone  
  14  0:31  Drone x2  
  14  0:34  Extractor  
  14  0:35  Drone  
  16  0:50  Spawning Pool  
  16  0:54  Drone  
  16  0:59  Drone  
  17  1:07  Drone  
  18  1:30  Drone x2  
  20  1:34  Hatchery  
  20  1:39  Zergling x2  
  20  1:48  Queen  
  22  1:55  Metabolic Boost  
  22  2:07  Roach Warren  
  21  2:08  Drone  
  21  2:15  Overlord  
  22  2:22  Overlord  
  22  2:49  Roach x4  
  30  2:56  Roach  
  30  2:57  Roach  
  34  2:59  Roach  
  34  3:03  Roach  
  38  3:09  Roach  
  39  3:14  Roach  
  39  3:19  Overlord  
  41  3:24  Zergling x2  
  41  3:26  Zergling x2  
  43  3:46  Zergling x2  
  43  3:47  Zergling x10  
  49  3:53  Overlord  
  49  3:56  Ravager  
  49  4:21  Zergling x14  
  50  4:29  Zergling x2  
  45  4:32  Zergling x2  
  45  4:34  Zergling x2  
  44  4:42  Ravager  
  44  4:45  Zergling x4  
  43  4:50  Zergling x2  
  36  5:04  Zergling x2  
  36  5:05  Zergling x8  
  36  5:06  Drone  
  40  5:11  Roach  
  40  5:14  Queen  
  40  5:20  Roach  
  44  5:27  Roach  
  44  5:36  Roach x2  
  44  5:39  Roach  
  50  5:45  Ravager  
  50  5:49  Overlord  
  51  5:51  Ravager  
  51  5:59  Zergling x2  
  51  6:00  Zergling x4  
  54  6:04  Ravager  
  54  6:06  Zergling x4  
  57  6:14  Zergling x4  
  59  6:19  Zergling x4  
  59  6:36  Zergling x2  
  59  6:38  Overlord x2  
Tags
 
Add a new tag
Caveats
  • Supply blocks, unpowered buildings, or Contaminate may cause inaccurate times.
  • Supply counts are checked every 10 seconds.